 Dungeon Crawl Stone Soup version 0.14-a0-1499-g388a102 (webtiles) character file.

246 July the Sneak (level 5, -7/24 HPs)
             Began as a Spriggan Enchanter on Dec 15, 2013.
             Was an Initiate of Ashenzari.
             Killed from afar by Blork the orc (8 damage)
             ... with a puff of flame
             ... on Level 5 of the Dungeon.
             The game lasted 00:18:20 (4424 turns).

July the Sneak (Spriggan Enchanter)                 Turns: 4424, Time: 00:18:20

HP  -7/24        AC  3     Str  5      XL: 5   Next:  4%
MP  17/17        EV 18     Int 16      God: Ashenzari [......]
Gold 104         SH  0     Dex 17      Spells:  3 memorised,  5 levels left

rFire  . . .     SeeInvis +     v - +3 elf dagger (holy)
rCold  . . .     Clarity  .     b - +1 robe
rNeg   . . .     Conserve .     (shield restricted)
rPois  .         rCorr    .     (helmet restricted)
rElec  .         rRot     .     (no cloak)
SustAb . .       Spirit   .     (gloves unavailable)
rMut   .         Warding  .     (boots unavailable)
Saprov . . .     Stasis   .     (no amulet)
                                (no ring)
                                (no ring)

@: very quick, somewhat resistant to hostile enchantments, very stealthy
A: unfitting armour, see invisible, herbivore 3, speed 3, slow metabolism 2
a: Renounce Religion


You were on level 5 of the Dungeon.
You worshipped Ashenzari.
Ashenzari was noncommittal.
You were not hungry.

You visited 2 branches of the dungeon, and saw 6 of its levels.

You collected 104 gold pieces.

Inventory:

Hand weapons
 a - a +1,+1 dagger
 j - a +1,+2 short sword of speed
 v - a +3,+3 elven dagger of holy wrath (weapon)
Missiles
 d - 9 darts (quivered)
 n - 8 curare-tipped needles
 B - 20 poisoned needles
Armour
 b - a +1 robe (worn)
 y - a +0 robe
Comestibles
 i - 2 bread rations
Scrolls
 g - a scroll of teleportation {unknown}
 k - 2 scrolls of curse jewellery
 l - a scroll of blinking {unknown}
 m - 2 scrolls of immolation {unknown}
 q - 3 scrolls of fog {unknown}
 s - a scroll of remove curse
 t - 2 scrolls of fear {unknown}
 u - a scroll of noise {unknown}
 w - 5 scrolls of identify {unknown}
 x - a scroll of enchant weapon I {unknown}
Potions
 e - a potion of porridge
 f - 4 potions of curing {unknown}
 h - 2 potions of confusion {unknown}
 o - a potion of cure mutation {unknown}
 p - 2 potions of brilliance {unknown}
 r - a potion of restore abilities {unknown}
 z - a potion of heal wounds {unknown}
 A - a potion of poison {unknown}
Books
 c - a book of Maledictions

   Spells                             Type                      Level
   *Corona                            Hexes                        1
   Sure Blade                         Hexes/Charms                 2
   *Ensorcelled Hibernation           Hexes/Ice                    2
   *Confuse                           Hexes                        3
   Enslavement                        Hexes                        4
   Invisibility                       Hexes                        6


   Skills:
 - Level 1.1 Short Blades
 - Level 1.1 Throwing
 - Level 3.0 Dodging
 - Level 7.5 Stealth
 * Level 3.7 Spellcasting
 - Level 3.6 Hexes


You had 5 spell levels left.
You knew the following spells:

 Your Spells              Type           Power        Failure   Level  Hunger
c - Confuse               Hex            ##......     12%         3    ###....
m - Corona                Hex            ##.....      4%          1    None
s - Ensorcelled Hibernat  Hex/Ice        #.....       14%         2    ##.....


Dungeon Overview and Level Annotations

Branches:
Dungeon (5/16)             Temple (1/1) D:4

Altars:
Ashenzari
Cheibriados
Elyvilon
Kikubaaqudgha
Makhleb
Okawaru
Sif Muna
Trog
Vehumet
Xom
Yredelemnul
Zin

Annotations:
D:3 exclusion: orc wizard
D:5 Blork the orc, Pikel


Innate Abilities, Weirdness & Mutations

You are tiny and cannot use many weapons and most armour.
You have supernaturally acute eyesight.
You are a herbivore.
You cover ground extremely quickly.
You need consume almost no food.


Message History

An ice beast comes into view.
Blork the orc points at you and mumbles some strange words.
The magic dart hits you!
Found an escape hatch in the ceiling.
A giant cockroach comes into view.
A crimson imp comes into view.
The ice beast hits you. The ice beast freezes you!
Ouch! That really hurt!
* * * LOW HITPOINT WARNING * * *
The crimson imp shouts!
Pikel comes into view.
He is wielding a runed whip. 2 slaves come into view.
Found 3 needles of slowing.
The crimson imp hits you but does no damage.
The crimson imp hits you.
* * * LOW HITPOINT WARNING * * *
Pikel shouts, "If I can't have you, no one shall!"
Blork the orc gestures at you while chanting.
The puff of flame hits you!
You die...

####.#####.# .#..........#
#.#.#........######
#.#.#######.o.....# #.#.#
#.#.....# #.#.# #.+.....+
#.#o# ###.....# #.#.#
#.....#
#.#.#########.@5..########..
#...........s..I....K......@
#.#####################....@
#.# . #.# #.# #.# #.# #.#


You could see Pikel, Blork the orc, an ice beast, a crimson imp and a giant
cockroach.

Vanquished Creatures
  A jelly (D:3)
  A giant mite (D:3)
  2 worms
  3 giant geckos
  8 orcs
  6 giant cockroaches
  11 goblins
  8 hobgoblins
  11 jackals
  5 kobolds
  10 bats
  3 giant newts
  11 rats
  A butterfly (D:4)
81 creatures vanquished.

Notes
Turn   | Place    | Note
--------------------------------------------------------------
     0 | D:1      | July, the Spriggan Enchanter, began the quest for the Orb.
     0 | D:1      | Reached XP level 1. HP: 9/9 MP: 4/4
   624 | D:2      | Reached skill level 4 in Stealth
   684 | D:3      | Reached XP level 2. HP: 13/13 MP: 7/7
   738 | D:3      | Found a radiant altar of Vehumet.
   759 | D:4      | Found a staircase to the Ecumenical Temple.
   768 | Temple   | Entered the Ecumenical Temple
   805 | Temple   | Became a worshipper of Ashenzari the Shackled
   911 | D:3      | Reached skill level 5 in Stealth
  1270 | D:1      | Reached XP level 3. HP: 13/16 MP: 9/9
  2001 | D:2      | Reached skill level 6 in Stealth
  2908 | D:3      | Reached XP level 4. HP: 19/21 MP: 12/12
  3015 | D:3      | Noticed a jelly
  3019 | D:3      | Killed a jelly
  3019 | D:3      | Reached skill level 7 in Stealth
  3059 | D:3      | Noticed an orc wizard
  3065 | D:3      | Learned a level 2 spell: Ensorcelled Hibernation
  3069 | D:3      | Learned a level 3 spell: Confuse
  4099 | D:3      | Reached XP level 5. HP: 18/24 MP: 16/16
  4200 | D:4      | Found a glowing silver altar of Zin.
  4205 | D:4      | Found an ancient bone altar of Kikubaaqudgha.
  4331 | D:4      | Found a burning altar of Makhleb.
  4365 | D:5      | Entered Level 5 of the Dungeon
  4386 | D:5      | Noticed Blork the orc
  4401 | D:5      | Noticed an ice beast
  4416 | D:5      | Noticed Pikel
  4418 | D:5      | Noticed a slave
  4418 | D:5      | Noticed a slave
  4421 | D:5      | HP: 1/24 [crimson imp (2)]
  4424 | D:5      | Killed from afar by Blork the orc

Action                   |  1- 3 |  4- 6 || total
-------------------------+-------+-------++-------
Melee: Dagger            |   151 |    70 ||   221
       Short sword       |     9 |       ||     9
Throw: Dart              |    22 |       ||    22
 Cast: Ensorcelled Hiber |       |     2 ||     2
 Stab: Sleeping          |     9 |    10 ||    19
       Distracted        |     1 |     1 ||     2
